 Dungeon Crawl Stone Soup version 0.19-a0-262-g5df7875 (webtiles) character file.

468 wvc the Magician (level 6, -11/44 HPs)
             Began as a Mummy Wanderer on May 25, 2016.
             Was an Initiate of Ashenzari.
             Shot with an arrow by a centaur (12 damage)
             ... on level 5 of the Dungeon.
             The game lasted 00:11:25 (4964 turns).

wvc the Magician (Mummy Wanderer)                   Turns: 4964, Time: 00:11:25

Health: -11/44     AC:  4    Str: 16    XL:     6   Next: 81%
Magic:  10/12      EV: 12    Int:  9    God:    Ashenzari [......]
Gold:   274        SH:  0    Dex: 15    Spells: 6 memorised, 0 levels left

rFire  + . .     SeeInvis .     p - +2 dagger (venom)
rCold  + . .     Gourm    .     o - +1 robe {rC+ rF+}
rNeg   + + +     Faith    .     (no shield)
rPois  ∞         Spirit   .     (no helmet)
rElec  .         Dismiss  .     (no cloak)
rCorr  .         Reflect  .     l - +0 pair of gloves
SustAt .         Harm     .     (no boots)
MR     .....                    (no amulet)
Stlth  ++........               j - ring of fire
                                h - ring of wizardry (curse)

@: very slightly contaminated, repel missiles, not resistant to hostile
enchantments, unstealthy
A: no food or potions, fire vulnerability, cold resistance 1, negative energy
resistance 3, torment resistance, unbreathing
a: Curse Item, Renounce Religion


You were on level 5 of the Dungeon.
You worshipped Ashenzari.
Ashenzari was noncommittal.
You were not hungry.

You visited 1 branch of the dungeon, and saw 5 of its levels.

You collected 274 gold pieces.

Inventory:

Hand Weapons
 p - a +2 dagger of venom (weapon)
Missiles
 b - 6 tomahawks (quivered)
 k - 21 poisoned needles
Armour
 a - a +2 scale mail
 l - a +0 pair of gloves (worn)
 o - a +1 robe of resistance (worn)
Jewellery
 d - a +4 ring of strength
 f - an uncursed amulet of guardian spirit
 h - a cursed ring of wizardry (left hand)
 j - a ring of fire (right hand)
 m - an uncursed ring of sustain attributes
 q - an uncursed ring of protection from cold
Scrolls
 c - 3 scrolls of teleportation
 i - a scroll of magic mapping
Books
 n - a book of Minor Magic

   Spells                             Type                      Level
   a - Magic Dart                     Conjuration                  1
   b - Blink                          Translocation                2
   c - Call Imp                       Summoning                    2
   d - Repel Missiles                 Charms/Air                   2
   e - Slow                           Hexes                        2
   f - Conjure Flame                  Conjuration/Fire             3
   g - Mephitic Cloud                 Conjuration/Poison/Air       3


   Skills:
 - Level 1.9 Fighting
 + Level 0.1 Short Blades
   Level 2.3 Polearms
 - Level 1.0 Throwing
 - Level 1.5 Armour
 - Level 1.5 Dodging
 - Level 1.0 Stealth
 + Level 4.1 Spellcasting
 + Level 2.5 Conjurations
 + Level 2.7 Summonings
 + Level 0.4 Translocations
 + Level 0.4 Air Magic


You couldn't memorise any spells.
You knew the following spells:

 Your Spells              Type           Power        Failure   Level  Hunger
a - Magic Dart            Conj           #...         4%          1    N/A
b - Call Imp              Summ           #.......     6%          2    N/A
c - Blink                 Tloc           N/A          16%         2    N/A
d - Repel Missiles        Chrm/Air       #.....       16%         2    N/A
e - Conjure Flame         Conj/Fire      #.......     26%         3    N/A
f - Mephitic Cloud        Conj/Pois/Air  #.......     26%         3    N/A

Dungeon Overview and Level Annotations

Branches:
Dungeon (5/15)             Temple (0/1) D:4

Altars:
Ashenzari
Cheibriados
Dithmenos
Makhleb
Qazlal
Vehumet
Xom

Annotations:
D:4 exclusions: 2 doors and slave, Dowan, Pikel


Innate Abilities, Weirdness & Mutations

You do not eat or drink.
Your flesh is vulnerable to fire.
You are immune to poison.
Your flesh is cold resistant. (rC+)
You are immune to negative energy. (rN+++)
You are immune to unholy pain and torment.
You can survive without breathing.


Message History

You hit the centaur but do no damage.
The centaur is poisoned.
The centaur hits you. x2
Your crimson imp blinks!
You hit the centaur.
The centaur looks even sicker.
The centaur is moderately wounded.
The centaur hits you.
* * * LOW HITPOINT WARNING * * *
You hit the centaur but do no damage.
The centaur is heavily wounded.
The centaur closely misses you. The iguana bites you!
* * * LOW HITPOINT WARNING * * *
The centaur closely misses you.
Read which item? (? for menu, Esc to quit)
Blink to where?
Press: ? - help, Dir - move target cursor You are very lightly contaminated with residual magic.
As you read the scroll of blinking, it crumbles to dust.
The centaur wields an uncursed shortbow.
The centaur shoots an arrow.
The arrow hits you!
You die...

#.####..# #.....#
#..# #.....#
##.###.....#
#.........#
##.###....#
.........###
###..###.# ########.#
#.# #.....@..# #)#
#.........##.#
#.........##.#
###.###....#.########
#. .##.#.#.c..... #
..#..§#...l...
P..##lc#.......
PP.....5.......
PP.##..#.....(.


You could see a centaur, an iguana and a friendly crimson imp.

Vanquished Creatures
  2 ogres (D:4)
  A hound (D:3)
  A centaur skeleton (D:5)
  An orc wizard (D:5)
  A worker ant (D:4)
  4 gnolls (D:4)
  5 adders
  A shadow imp (D:4)
  An adder skeleton (D:5)
  A worm (D:3)
  7 giant geckos
  4 orcs
  A ball python (D:4)
  9 bats
  5 giant cockroaches
  6 goblins
  10 hobgoblins
  2 jackals (D:1)
  A quokka (D:3)
  4 giant newts
  A jackal skeleton (D:4)
  5 kobolds
  9 rats
82 creatures vanquished.

Vanquished Creatures (collateral kills)
  An ogre (D:4)
  An adder (D:5)
  3 orcs
5 creatures vanquished.

Grand Total: 87 creatures vanquished

Notes
Turn   | Place    | Note
--------------------------------------------------------------
     0 | D:1      | wvc the Mummy Wanderer began the quest for the Orb.
     0 | D:1      | wvc set off with: a +2 scale mail, a +0 spear, a scroll of teleportation
     0 | D:1      | Reached XP level 1. HP: 15/15 MP: 3/3
     0 | D:1      | Lugonue: у меня эльф пиздатый есть
     0 | D:1      | Lugonue: го?
     0 | D:1      | wvc: ща, ещё разочек
   187 | D:1      | Lugonue: все шин
   196 | D:1      | Reached skill level 1 in Polearms
   256 | D:1      | Reached XP level 2. HP: 21/21 MP: 5/5
   563 | D:1      | wvc: лифчик
   563 | D:1      | wvc: натирающий сиськи
   563 | D:1      | Lugonue: лол
   655 | D:1      | Lugonue: кастуем
   656 | D:1      | Reached skill level 1 in Dodging
  1067 | D:2      | Lugonue: Драйн?
  1075 | D:2      | Lugonue: лол
  1105 | D:2      | Reached XP level 3. HP: 22/26 MP: 6/6
  1150 | D:2      | Found a radiant altar of Vehumet.
  2017 | D:3      | Reached XP level 4. HP: 33/33 MP: 7/7
  2138 | D:3      | Found a shattered altar of Ashenzari.
  2169 | D:3      | Became a worshipper of Ashenzari the Shackled
  2427 | D:3      | wvc: kastooem
  2429 | D:3      | Learned a level 1 spell: Magic Dart
  2432 | D:3      | Learned a level 2 spell: Call Imp
  2435 | D:3      | Learned a level 2 spell: Blink
  2438 | D:3      | Learned a level 2 spell: Repel Missiles
  2440 | D:3      | Lugonue: да не, это бред
  2635 | D:3      | Lugonue: ))))
  2710 | D:3      | Found a burning altar of Makhleb.
  2881 | D:3      | Reached skill level 1 in Summonings
  3158 | D:4      | Noticed an ogre
  3166 | D:4      | Killed an ogre
  3166 | D:4      | Reached XP level 5. HP: 33/38 MP: 3/9
  3259 | D:4      | Noticed Dowan
  3260 | D:4      | wvc: айблярррр
  3271 | D:4      | wvc: Вован
  3501 | D:4      | Found a shimmering altar of Xom.
  3501 | D:4      | Found a stormy altar of Qazlal.
  3506 | D:4      | Found a snail-covered altar of Cheibriados.
  3506 | D:4      | Noticed an ogre
  3520 | D:4      | Killed an ogre
  3520 | D:4      | Reached skill level 3 in Spellcasting
  3649 | D:4      | Lugonue: файьтинг/спеллкастинг качать походу
  3703 | D:4      | Noticed Pikel
  3703 | D:4      | Noticed a slave
  3703 | D:4      | Noticed a slave
  3703 | D:4      | Noticed a slave
  3703 | D:4      | Noticed a slave
  3704 | D:4      | Lugonue: больше ничего не остается
  3710 | D:4      | Found a shadowy altar of Dithmenos.
  3717 | D:4      | Reached XP level 6. HP: 43/44 MP: 11/11
  3750 | D:4      | Found a staircase to the Ecumenical Temple.
  4435 | D:4      | Reached skill level 4 in Spellcasting
  4486 | D:5      | Entered Level 5 of the Dungeon
  4520 | D:5      | Learned a level 3 spell: Conjure Flame
  4524 | D:5      | Learned a level 3 spell: Mephitic Cloud
  4963 | D:5      | HP: 1/44 [iguana (10)]
  4964 | D:5      | Shot with an arrow by a centaur

Vault maps used:
D:1:      mrwooster_arrival_statue_2, minmay_liquid_box, minmay_quantized
D:2:      vehumet_crystals
D:3:      makhleb_blood_cavern_becter, nicolae_ashenzari_panopticon
D:4:      grunt_temple_overflow_open, grunt_dithmenos_shadows,
          minmay_temple_entry_grid, uniq_pikel, uniq_duvessa
D:5:      nicolae_overflow_hidden_temple, fedhas_bush_and_centaur_altar,
          first_bread

Skill      XL: |  1  2  3  4  5  6 |
---------------+-------------------+-----
Polearms       | 1 2 |  2.3
Dodging        | 1 |  1.5
Summonings     | 1 2 |  2.7
Spellcasting   | 3 4 |  4.1
Fighting       | |  1.9
Short Blades   | |  0.1
Throwing       | |  1.0
Armour         | |  1.5
Stealth        | |  1.0
Conjurations   | |  2.5
Translocations | |  0.4
Air Magic      | |  0.4

Action                   |  1- 3 |  4- 6 || total
-------------------------+-------+-------++-------
Melee: Spear             |   193 |    76 ||   269
       Dagger            |       |    91 ||    91
Throw: Tomahawk          |       |     4 ||     4
 Cast: Magic Dart        |       |     8 ||     8
       Call Imp          |       |    19 ||    19
       Repel Missiles    |       |     1 ||     1
Invok: Curse Item        |       |     1 ||     1
  Use: Scroll            |       |     8 ||     8
 Stab: Distracted        |       |     1 ||     1
Armor: Scale mail        |    87 |    23 ||   110
       Robe              |       |    21 ||    21
Dodge: Dodged            |   101 |    88 ||   189
